Map: [ESL] Data-C

Players

Bioice

  • Race: Zerg Zerg
  • Spawn Location: 3:00

Vindicta - Winner!

  • Race: Terran Terran
  • Spawn Location: 9:00

Event: DreamHack SC2 Masters 2022 Atlanta (Online)

VOD

Have the link to the VOD?

Description

Time

  • Played on: Oct. 9, 2022, 3:14 p.m.
  • Length: 17:44

All games in this series

Show
View Real Time Build Order
Export as new Build Order

Bioice Zerg 

Build Orders: Hatch First 

Get SALT Encoding   

  12  0:00  Drone  
  13  0:13  Overlord  
  13  0:17  Drone  
  14  0:31  Drone x2  
  16  0:50  Hatchery  
  16  0:52  Drone  
  16  0:56  Drone  
  17  0:59  Drone  
  18  1:07  Extractor  
  17  1:14  Spawning Pool  
  17  1:18  Drone  
  17  1:21  Drone  
  18  1:29  Drone  
  19  1:40  Drone  
  20  1:50  Drone  
  21  2:01  Queen x2  
  21  2:03  Zergling x4  
  27  2:21  Hatchery  
  26  2:24  Overlord  
  26  2:27  Drone x2  
  28  2:32  Metabolic Boost  
  28  2:42  Queen  
  28  2:43  Drone  
  31  2:48  Overlord  
  31  2:51  Drone  
  32  2:54  Drone  
  32  2:55  Drone  
  34  2:59  Drone  
  34  3:00  Drone  
  34  3:05  Overlord  
  36  3:08  Drone  
  36  3:12  Drone x2  
  39  3:14  Drone  
  39  3:19  Queen  
  42  3:23  Overlord  
  42  3:29  Drone x3  
  42  3:34  Queen  
  47  3:44  Drone  
  47  3:45  Drone x4  
  47  3:46  Drone  
  53  3:51  Zergling x6  
  56  3:57  Queen  
  57  4:05  Queen  
  57  4:07  Zergling x6  
  62  4:12  Baneling Nest  
  61  4:17  Drone x3  
  61  4:18  Drone x2  
  61  4:23  Overlord  
  66  4:28  Spore Crawler  
  66  4:29  Spore Crawler x2, Drone  
  66  4:30  Drone x2  
  65  4:40  Overlord  
  65  4:41  Queen x2  
  65  4:44  Overlord  
  69  4:49  Zergling x2  
  69  4:50  Zergling x2  
  69  4:51  Drone x3  
  74  4:59  Overlord  
  72  5:07  Drone x7  
  72  5:12  Drone  
  72  5:13  Drone x3  
  82  5:17  Drone x2  
  82  5:18  Drone  
  84  5:22  Drone  
  84  5:24  Hatchery  
  84  5:26  Lair  
  84  5:33  Extractor, Evolution Chamber  
  84  5:34  Extractor, Evolution Chamber  
  80  5:38  Drone x3  
  80  5:39  Drone  
  84  5:43  Drone x2  
  86  5:50  Extractor x2  
  86  5:51  Drone x6  
  90  6:03  Overlord  
  90  6:04  Overlord x2  
  90  6:08  Zerg Melee Weapons Level 1  
  90  6:12  Overlord x2  
  90  6:23  Drone x6  
  90  6:24  Zergling x8  
  100  6:26  Zerg Ground Armor Level 1  
  100  6:28  Zergling x10  
  105  6:34  Centrifugal Hooks  
  105  6:38  Hatchery  
  104  6:40  Zergling x4  
  104  6:41  Baneling x3  
  104  6:45  Zergling x12  
  112  6:49  Baneling x3  
  112  6:53  Zergling x2  
  112  6:54  Zergling x10  
  118  6:55  Baneling x3  
  118  6:57  Baneling  
  118  7:02  Zergling x12  
  118  7:06  Zergling x2  
  124  7:12  Zergling x4  
  124  7:14  Baneling  
  124  7:15  Baneling  
  125  7:19  Zergling x20  
  116  7:33  Zergling x12  
  106  7:39  Zergling x12  
  106  7:40  Baneling x6  
  110  7:44  Zergling x8  
  110  7:48  Zergling x2  
  110  7:49  Zergling x10  
  120  7:52  Baneling x8  
  120  7:53  Baneling x4  
  120  8:05  Zergling x8  
  117  8:07  Zergling x2  
  117  8:10  Zergling x2  
  104  8:24  Zergling x28  
  104  8:27  Zerg Ground Armor Level 2  
  116  8:28  Zerg Melee Weapons Level 2  
  116  8:32  Zergling x6  
  116  8:33  Infestation Pit  
  117  8:37  Zergling x6  
  118  8:44  Zergling x4  
  118  8:48  Zergling x8  
  121  8:51  Zergling x2  
  121  8:53  Hatchery  
  121  8:55  Zergling x4  
  119  9:00  Zergling x2  
  115  9:08  Zergling x10  
  115  9:09  Zergling x12  
  116  9:10  Zergling x2  
  116  9:17  Zergling x10  
  117  9:21  Zergling x2  
  111  9:25  Queen  
  111  9:27  Zergling x12  
  114  9:38  Zergling x2  
  114  9:39  Zergling x16  
  113  9:46  Zergling x8  
  113  9:50  Zergling x2  
  113  9:52  Zergling x2  
  116  9:53  Zergling x2  
  116  9:54  Zergling x2  
  116  9:58  Zergling x16  
  126  10:03  Baneling x29  
  126  10:04  Baneling x12  
  124  10:09  Baneling x3  
  124  10:10  Baneling  
  124  10:12  Zergling x16  
  132  10:15  Overseer  
  132  10:16  Overlord x3  
  132  10:22  Overlord x2  
  132  10:28  Zergling x4  
  132  10:29  Zergling x2  
  116  10:37  Zergling x2  
  113  10:48  Zergling x44  
  122  10:53  Zergling x2  
  122  10:56  Drone x7  
  122  10:57  Drone x4  
  127  10:59  Zergling x4  
  127  11:01  Baneling x7  
  127  11:02  Hive  
  129  11:08  Spore Crawler, Overseer  
  129  11:10  Zergling x16  
  136  11:13  Baneling x2  
  136  11:16  Zergling x2  
  133  11:24  Zergling x24  
  143  11:26  Baneling x12  
  143  11:34  Zergling x18  
  143  11:35  Zergling x2  
  148  11:50  Zergling x20  
  148  11:54  Zergling x22  
  146  11:57  Zergling x4  
  150  12:04  Zergling x18  
  157  12:11  Zergling x2  
  157  12:13  Zergling x8  
  157  12:14  Baneling  
  157  12:15  Baneling  
  161  12:18  Baneling x8  
  161  12:20  Hatchery  
  161  12:22  Drone x3  
  163  12:24  Extractor  
  163  12:25  Extractor  
  163  12:28  Zergling x2  
  163  12:29  Zergling x10  
  164  12:30  Viper  
  164  12:32  Viper  
  163  12:55  Spore Crawler  
  163  12:57  Spore Crawler, Drone x10  
  172  12:58  Zergling x2  
  169  13:12  Zerg Ground Armor Level 3, Zerg Melee Weapons Level 3  
  166  13:18  Zergling x10  
  166  13:19  Hatchery  
  168  13:28  Baneling x8  
  168  13:29  Zergling x14  
  172  13:47  Overlord x4  
  172  13:51  Baneling x11  
  172  13:56  Baneling x2  
  171  14:06  Zergling x16  
  171  14:07  Zergling x40  
  195  14:13  Zergling x16  
  178  14:28  Drone x4  
  178  14:30  Zergling x2  
  178  14:31  Zergling x16, Adrenal Glands  
  183  14:32  Hatchery  
  183  14:38  Baneling x10  
  182  14:39  Zergling x8  
  182  14:43  Baneling x2  
  182  14:44  Baneling  
  176  14:48  Zergling x14  
  175  14:58  Zergling x12  
  156  15:00  Zergling x2  
  156  15:01  Zergling x2  
  156  15:06  Zergling x2  
  143  15:08  Viper  
  137  15:15  Drone x5  
  137  15:18  Zergling x2  
  137  15:20  Zergling x2  
  127  15:27  Zergling x2  
  127  15:28  Zergling x8  
  129  15:34  Drone x3  
  113  15:37  Zergling x4  
  113  15:40  Zergling x2  
  113  15:41  Zergling x2  
  105  15:46  Zergling x8  
  107  15:53  Zergling x4  
  100  15:57  Zergling x2  
  100  15:58  Zergling x6  
  100  16:03  Zergling x4  
  104  16:10  Drone x4  
  104  16:18  Zergling x12  
  104  16:19  Baneling x12  
  108  16:32  Hatchery  
  107  16:33  Zergling x2  
  107  16:34  Zergling x14  
  115  16:40  Baneling x12  
  115  16:41  Zergling x2  
  115  16:42  Zergling x6  
  115  16:44  Drone  
  115  16:45  Drone  
  121  16:49  Drone x2  
  123  16:54  Zergling x6  
  123  16:59  Zergling x2  
  123  17:00  Zergling x4  
  127  17:07  Zergling x8  
  111  17:10  Zergling x4  
  111  17:13  Zergling x2  
  112  17:15  Baneling x5  
  112  17:18  Zergling x6  
  112  17:20  Zergling x2  
Show
View Real Time Build Order
Export as new Build Order

Vindicta Terran - Winner!

Build Orders: Reaper Expand, Hellion Banshee 

Get SALT Encoding   

  12  0:00  SCV  
  13  0:12  SCV  
  14  0:16  Supply Depot  
  14  0:24  SCV  
  15  0:38  SCV  
  15  0:40  Barracks  
  16  0:44  Refinery  
  16  0:50  SCV  
  17  1:02  SCV  
  18  1:14  SCV  
  19  1:26  Reaper  
  19  1:27  Orbital Command  
  20  1:41  Command Center  
  20  1:48  Supply Depot  
  20  1:52  SCV  
  21  1:58  Marine  
  22  2:04  SCV  
  23  2:09  Factory  
  23  2:16  SCV  
  23  2:20  Refinery  
  23  2:21  Barracks Reactor  
  24  2:28  SCV  
  25  2:40  SCV  
  26  2:53  SCV  
  26  2:54  Orbital Command  
  27  2:59  Starport  
  27  3:03  Hellion x2  
  27  3:04  Barracks Tech Lab  
  27  3:05  SCV  
  32  3:11  Supply Depot  
  32  3:17  SCV  
  34  3:23  SCV  
  34  3:24  Hellion  
  34  3:25  Hellion  
  38  3:29  SCV  
  39  3:36  SCV  
  41  3:41  SCV  
  41  3:42  Banshee  
  41  3:48  SCV  
  45  3:49  Supply Depot, Hellion  
  45  3:53  SCV, Hellion  
  50  3:59  Barracks Tech Lab  
  50  4:00  SCV  
  51  4:05  SCV  
  52  4:12  SCV  
  53  4:17  SCV  
  53  4:22  Command Center  
  54  4:24  SCV  
  54  4:28  Stimpack  
  54  4:29  SCV  
  56  4:33  Supply Depot  
  56  4:36  SCV  
  56  4:38  Starport Reactor  
  57  4:39  Barracks x2  
  57  4:41  SCV, Siege Tank  
  61  4:48  SCV  
  61  4:51  Engineering Bay  
  61  4:52  Engineering Bay  
  62  4:55  SCV  
  63  5:00  Supply Depot, SCV  
  64  5:07  SCV  
  64  5:11  Refinery  
  64  5:12  Refinery, SCV  
  64  5:13  Siege Tank  
  69  5:15  Marine  
  70  5:21  SCV  
  70  5:22  Terran Infantry Armor Level 1, Terran Infantry Weapons Level 1  
  70  5:24  SCV  
  70  5:27  Marine x2  
  74  5:32  Starport Reactor  
  74  5:34  SCV, Marine  
  73  5:36  Orbital Command  
  73  5:37  Marine x2  
  73  5:40  SCV  
  76  5:45  Siege Tank  
  79  5:52  SCV, Marine  
  79  5:54  Marine  
  79  5:55  SCV  
  79  5:56  Orbital Command  
  84  5:59  Medivac x2  
  84  6:00  Barracks Reactor  
  84  6:02  Supply Depot  
  88  6:04  SCV, Marine  
  88  6:07  SCV  
  88  6:09  Combat Shield  
  88  6:10  Marine  
  91  6:12  Marine  
  91  6:13  Supply Depot  
  91  6:15  Supply Depot  
  91  6:16  SCV  
  93  6:23  Marine  
  93  6:24  Supply Depot, SCV x2  
  96  6:28  SCV, Marine  
  96  6:30  Marine  
  99  6:35  Armory  
  99  6:36  SCV x2, Siege Tank  
  104  6:40  Supply Depot, SCV  
  104  6:41  Supply Depot, Marine x3  
  104  6:43  Medivac  
  104  6:45  Marine  
  111  6:47  Medivac  
  111  6:48  SCV x2, Marine  
  116  6:58  SCV  
  116  6:59  Marine  
  118  7:03  Marine  
  118  7:08  Barracks x2  
  119  7:10  SCV x2  
  119  7:11  Marine  
  119  7:12  Refinery, Marine  
  119  7:13  Factory, Marine  
  124  7:17  Marine  
  124  7:21  Marine  
  124  7:29  Marine  
  112  7:30  Marine  
  112  7:31  Marine  
  112  7:34  Marine  
  112  7:35  Siege Tank  
  112  7:37  SCV  
  116  7:39  Marine  
  116  7:41  Terran Infantry Weapons Level 2, Terran Infantry Armor Level 2  
  114  7:47  Marine  
  114  7:48  Marine, Drilling Claws  
  114  7:49  Command Center, Marine  
  117  7:52  SCV, Marine  
  117  7:54  Supply Depot x2  
  117  7:55  Marine  
  117  7:56  Medivac  
  117  7:57  Marine  
  117  7:58  Marine  
  124  8:05  Marine  
  118  8:06  Marine x2  
  118  8:10  SCV, Marine  
  121  8:15  Factory Reactor, Marine  
  115  8:22  Marine  
  115  8:24  Marine x2  
  115  8:26  Widow Mine  
  117  8:28  Barracks Reactor, Marine  
  117  8:29  Barracks Reactor, SCV x3  
  117  8:32  Marine  
  120  8:40  Marine  
  111  8:41  Marine  
  111  8:42  Marine  
  111  8:43  SCV  
  111  8:44  SCV, Barracks  
  111  8:45  Barracks  
  111  8:46  Barracks, Marine  
  111  8:47  Widow Mine  
  115  8:50  Marine  
  115  8:52  Widow Mine  
  115  8:54  Widow Mine  
  100  8:56  SCV  
  100  8:58  Marine  
  100  8:59  Marine  
  100  9:00  Marauder  
  102  9:04  Marine x2  
  102  9:06  Marine  
  102  9:08  Marine  
  102  9:09  Widow Mine, Marine  
  105  9:12  SCV  
  105  9:13  Widow Mine  
  105  9:14  Marine  
  105  9:15  Widow Mine  
  105  9:16  Marine  
  105  9:17  SCV, Marine  
  110  9:21  Marine  
  110  9:22  SCV, Marauder, Marine  
  110  9:23  Marine  
  111  9:24  SCV  
  111  9:26  Marine x2  
  111  9:29  SCV  
  111  9:30  Widow Mine  
  115  9:34  Planetary Fortress  
  115  9:35  SCV, Widow Mine  
  115  9:36  SCV, Marine  
  115  9:37  Widow Mine  
  121  9:40  Marine  
  121  9:44  Marine x2  
  115  9:45  Marine  
  115  9:50  Marine x2  
  115  9:51  Marine  
  115  9:52  SCV x2, Widow Mine  
  107  9:54  SCV  
  107  9:56  Widow Mine, Marine x2  
  113  10:00  Marine  
  113  10:03  Marine x2  
  113  10:04  Marine  
  118  10:07  SCV x3  
  118  10:08  Marine  
  118  10:09  Marine  
  121  10:14  Marine  
  121  10:15  Marauder  
  121  10:16  Barracks Tech Lab, Marine  
  121  10:17  Barracks Tech Lab, Marine  
  121  10:19  SCV  
  121  10:20  Marine x2  
  121  10:21  Marine  
  130  10:23  Marine  
  130  10:26  Marine x2  
  130  10:27  Widow Mine  
  128  10:29  Supply Depot  
  128  10:32  Marine  
  128  10:34  Marine  
  129  10:35  Widow Mine  
  129  10:36  Marauder x2, Marine  
  129  10:37  Marauder  
  129  10:38  Marine x2  
  129  10:39  Marine  
  129  10:41  Marine  
  128  10:44  Marine  
  128  10:46  SCV x2  
  128  10:49  Marine  
  109  10:50  Marine  
  109  10:52  Marine  
  109  10:57  Marine  
  113  10:59  Marine  
  113  11:00  Marine  
  113  11:02  Terran Infantry Weapons Level 3  
  115  11:07  Medivac x2  
  121  11:14  Terran Infantry Armor Level 3  
  121  11:16  Widow Mine  
  121  11:18  Widow Mine  
  123  11:22  Marine  
  123  11:25  Marauder, Marine x3  
  119  11:26  Marine  
  119  11:28  Marine  
  119  11:30  Widow Mine  
  121  11:33  Marine  
  121  11:35  Marine  
  121  11:37  SCV x2  
  122  11:40  Widow Mine x2  
  122  11:41  Marine  
  122  11:42  Marine  
  122  11:45  Marine x2  
  126  11:47  Marine  
  126  11:52  Marine x2  
  126  11:54  Marine  
  131  11:56  SCV x3  
  131  11:59  Widow Mine, Marine  
  133  12:02  Widow Mine x2  
  133  12:04  Marauder  
  133  12:07  Medivac  
  133  12:12  Medivac  
  133  12:18  SCV x3, Marauder, Marine  
  133  12:19  Barracks Tech Lab  
  133  12:20  Marine  
  133  12:22  Marine  
  141  12:28  Marauder, Marine x2  
  145  12:34  Widow Mine x2  
  149  12:43  Marine  
  149  12:47  Marine  
  149  12:54  Marine  
  149  12:55  Marine x2  
  149  12:57  Command Center, Marauder x2  
  155  12:59  Marine  
  155  13:00  Marine  
  155  13:05  Marine  
  156  13:08  Marine  
  148  13:14  Marine x2  
  148  13:15  Marine  
  148  13:16  Medivac  
  153  13:29  Marauder  
  153  13:31  Marine x2  
  158  13:35  Supply Depot  
  158  13:37  Widow Mine x2  
  158  13:38  Marauder, Marine  
  161  13:43  Marine  
  161  13:45  Liberator  
  165  13:53  Marine x2  
  165  13:54  Marauder  
  165  13:55  SCV  
  170  13:56  Marine  
  170  13:58  Marine  
  170  14:01  Widow Mine  
  174  14:06  Marine  
  169  14:12  Widow Mine  
  169  14:13  Marine  
  169  14:14  Liberator  
  169  14:15  Marine  
  168  14:19  Planetary Fortress  
  168  14:20  SCV  
  168  14:22  SCV  
  169  14:28  Liberator  
  161  14:34  Marine  
  161  14:35  Ghost Academy, Marauder x2  
  161  14:36  Marine  
  166  14:45  Widow Mine  
  166  14:48  Marine  
  166  14:49  Marauder, Marine  
  170  14:54  Marine  
  170  14:56  Marauder x2  
  170  14:57  Orbital Command, Marine x2  
  162  15:01  Marine x2  
  162  15:06  Widow Mine, Marine  
  153  15:09  Marine x2  
  153  15:10  Marauder  
  153  15:12  Marine  
  153  15:15  Marine  
  153  15:19  Marine  
  152  15:21  Marine  
  152  15:22  Marine  
  152  15:28  Marine  
  151  15:31  Widow Mine, Marine  
  151  15:35  Marine  
  152  15:38  Supply Depot  
  146  15:42  Supply Depot  
  146  15:45  Marine x2  
  146  15:46  Marine x2  
  146  15:48  Marine  
  151  15:50  Medivac  
  151  15:52  Widow Mine, Marine  
  151  15:53  Marauder  
  151  15:55  Marine  
  151  15:56  Marauder  
  159  15:59  Marauder  
  159  16:01  Marine  
  162  16:04  Marine  
  162  16:06  Marine  
  164  16:11  Marine  
  164  16:13  Supply Depot, SCV, Marine  
  164  16:14  Supply Depot, Marauder  
  164  16:23  Marine  
  162  16:26  Marine  
  162  16:27  Marauder  
  162  16:29  Medivac x2  
  167  16:33  Refinery  
  167  16:38  Marine x2  
  167  16:39  Marauder  
  173  16:41  Marine  
  173  16:42  Widow Mine, Marine  
  173  16:43  Marine  
  173  16:46  Marine  
  177  16:51  SCV  
  177  16:52  Marauder  
  180  16:54  Orbital Command  
  180  16:56  Marine  
  180  16:59  Medivac  
  180  17:00  SCV  
  187  17:04  Marauder, Marine  
  187  17:05  Widow Mine, Marine  
  172  17:11  Marine  
  172  17:14  Marauder  
  172  17:20  Marine  
  171  17:25  Marine  
Tags
 
Add a new tag
Caveats
  • Supply blocks, unpowered buildings, or Contaminate may cause inaccurate times.
  • Supply counts are checked every 10 seconds.